 Dungeon Crawl Stone Soup version 0.22.1-6-g1668fe2 (webtiles) character file.

3206 SeeYouNextTuesday the Covert (level 9, -3/46 HPs)
             Began as a Vine Stalker Assassin on Jan 22, 2019.
             Was a Follower of Wu Jian.
             Killed by divine providence
             ... invoked by an orc priest
              (11 damage)
             ... on level 8 of the Dungeon.
             The game lasted 00:26:08 (6326 turns).

SeeYouNextTuesday the Covert (VSAs)                 Turns: 6326, Time: 00:26:08

Health: -3/46      AC:  8    Str: 13    XL:     9   Next: 97%
Magic:  0/15       EV: 14    Int: 11    God:    Wu Jian [*.....]
Gold:   302        SH:  5    Dex: 20    Spells: 13/14 levels left

rFire    . . .     SeeInvis .   a - +2 dagger
rCold    + . .     Gourm    .   p - -1 buckler (curse)
rNeg     . . .     Faith    .   K - +1 leather armour {rC+}
rPois    .         Spirit   +   (no helmet)
rElec    .         Reflect  .   d - +2 cloak
rCorr    .         Harm     .   j - +0 pair of gloves
MR       +....                  (no boots)
Stlth    ++++......             m - amulet of rage
HPRegen  0.55/turn              (no ring)
MPRegen  0.14/turn              (no ring)

@: no status effects
A: fangs 3, regeneration 1, magic shield, antimagic bite, no potion heal 3, rot
immunity
a: Renounce Religion, Evoke Berserk Rage


You were on level 8 of the Dungeon.
You worshipped Wu Jian.
Wu Jian was aware of your devotion.
You were not hungry.

You visited 2 branches of the dungeon, and saw 9 of its levels.

You collected 302 gold pieces.

Inventory:

Hand Weapons
 a - a +2 dagger (weapon)
 b - a +0 blowgun
Missiles
 c - a throwing net
 e - 44 poisoned needles
 f - 8 curare-tipped needles
 l - 187 stones (quivered)
 t - 4 needles of sleeping
 A - 6 javelins
Armour
 d - a +2 cloak (worn)
 j - a +0 pair of gloves (worn)
 p - a cursed -1 buckler (worn)
 H - a scarf of cloud immunity
 K - a +1 leather armour of cold resistance (worn)
Jewellery
 m - an amulet of rage (around neck)
Wands
 B - a wand of scattershot (2)
 C - a wand of flame (56)
 F - a wand of digging (21)
Scrolls
 h - a scroll of noise
 k - a scroll of teleportation
 r - 2 scrolls of identify
 y - 4 scrolls of remove curse {unknown}
 z - 2 scrolls of fear {unknown}
 D - a scroll of enchant weapon
 G - a scroll of magic mapping {unknown}
Potions
 o - a potion of flight
 q - 6 potions of curing
 s - 3 potions of lignification
 v - 2 potions of mutation
 w - a potion of haste {unknown}
 x - a potion of heal wounds {unknown}
 E - a potion of brilliance
 I - a potion of magic {unknown}
 J - 2 potions of might
Comestibles
 g - 17 rations
 i - 13 chunks of flesh


   Skills:
 + Level 4.3 Fighting
 + Level 6.0 Short Blades
 - Level 1.7 Throwing
 + Level 3.0 Armour
 + Level 3.5 Dodging
 + Level 8.9 Stealth
 - Level 4.0 Shields
 * Level 3.3 Spellcasting
 * Level 3.1 Necromancy
 + Level 3.0 Evocations


You had 13 spell levels left.
You knew the following spells:

 Your Spells              Type           Power        Failure   Level  Hunger
a - Animate Skeleton      Necr           N/A          9%          1    #......

Your spell library contained the following spells:

 Spells                   Type           Power        Failure   Level  Hunger
 Pain                     Necr           #...         9%          1    #......
 Vampiric Draining        Necr           #.........   26%         3    ###....
 Summon Small Mammal      Summ           #...         32%         1    #......
 Call Imp                 Summ           #.......     43%         2    ###....
 Regeneration             Chrm/Necr      #.........   45%         3    ###....
 Animate Dead             Necr           N/A          65%         4    #####..
 Call Canine Familiar     Summ           #.......     67%         3    ###....
 Summon Guardian Golem    Hex/Summ       #.......     67%         3    ###....
 Summon Ice Beast         Ice/Summ       #.......     97%         4    #####..
 Summon Lightning Spire   Summ/Air       #.......     97%         4    #####..


Dungeon Overview and Level Annotations

Branches:
Dungeon (8/15)             Temple (1/1) D:5
   Lair: D:8-11

Altars:
Ashenzari
Cheibriados
Dithmenos
Elyvilon
Fedhas
Gozag
Hepliaklqana
Kikubaaqudgha
Makhleb
Nemelex Xobeh
Okawaru
Qazlal
Ru
Sif Muna
Trog
Vehumet
Wu Jian
Xom
Yredelemnul
Zin
The Shining One

Shops:
D:8 :

Annotations:
D:5 exclusion: downstairs
D:8 Joseph


Innate Abilities, Weirdness & Mutations

You have razor-sharp teeth.
Your natural rate of healing is unusually fast.
When hurt, damage is shared between your health and your magic reserves.
Your bite disrupts and absorbs the magic of your enemies.
Potions cannot restore your health.
You are immune to rotting.


Message History

Some of the chunks of flesh in your inventory have rotted away.
You open the door. You block the orc's attack.
Found an ancient bone altar of Kikubaaqudgha.
There is an open door here.
You spin and attack the orc.
You hit the orc but do no damage. Your bite misses the orc.
The orc hits you but does no damage.
The orc priest casts a cantrip, but nothing happens.
You spin and attack the orc.
You hit the orc but do no damage. You bite the orc, but do no damage.
The orc barely misses you. The orc wizard casts a spell at you.
The magic dart hits you! The scorpion stings you!
Joseph shoots a sling bullet.
The sling bullet hits you!
The orc priest casts a cantrip, but nothing happens.
You see here a sling bullet.
Joseph shoots a sling bullet.
The sling bullet hits you!
* * * LOW HITPOINT WARNING * * *
The orc priest calls down the wrath of Beogh upon you.
Beogh smites you!
You die...

...o.####....###≈._.≈#
..##..##......##§⌠.⌠≈#
..###.##..@....#§≈.≈≈#
?.# ##.........###'#
..# #.............#
..# #..........o..#
..# #..........so## .#
#..........(##
#.........o.@#
#.......n.?..##
...###.......#
...8..... .....#.
..8.### .... ..8


You could see Joseph, a necrophage, a scorpion, an orc priest, an orc wizard and
an orc.

Vanquished Creatures
  Pikel (D:7)
  Grinder (D:3)
  2 orc warriors
  A black bear (D:6)
  An ice beast (D:5)
  A phantom (D:4)
  3 ogres
  2 centaurs
  2 big kobolds (D:7)
  2 bullfrogs (D:7)
  A scorpion (D:4)
  5 howler monkeys
  5 crimson imps
  A bullfrog zombie (D:6)
  4 hounds
  2 jellies
  8 orc priests
  8 orc wizards
  Crazy Yiuf (D:3)
  An iguana (D:5)
  2 worker ants
  2 hound zombies
  7 adders
  2 shadow imps
  A worm (D:4)
  A dart slug (D:5)
  9 leopard geckos
  27 orcs
  4 bats
  2 giant cockroaches
  9 goblins
  5 hobgoblins
  6 jackals
  11 kobolds
  6 quokkas
  A ball python (D:5)
  7 frilled lizards
  4 rats
158 creatures vanquished.

Vanquished Creatures (others)
  A phantom (D:7)
  A slave (D:7)
  A hound (D:7)
3 creatures vanquished.

Grand Total: 161 creatures vanquished

Notes
Turn   | Place    | Note
-------+----------+-------------------------------------------
     0 | D:1      | SeeYouNextTuesday the Vine Stalker Assassin began the quest
                  | for the Orb.
     0 | D:1      | Reached XP level 1. HP: 11/11 MP: 2/2
    26 | D:1      | Reached skill level 5 in Stealth
    89 | D:1      | Reached XP level 2. HP: 14/15 MP: 3/3
   836 | D:2      | Reached XP level 3. HP: 18/18 MP: 4/4
   997 | D:2      | Found a glowing golden altar of the Shining One.
  1075 | D:2      | Reached skill level 6 in Stealth
  1132 | D:2      | Found a burning altar of Makhleb.
  1150 | D:2      | Gained mutation: Your natural rate of healing is unusually
                  | fast. [Vine Stalker growth]
  1150 | D:2      | Reached XP level 4. HP: 6/23 MP: 1/5
  1413 | D:2      | Found a white marble altar of Elyvilon.
  1464 | D:2      | Found a sacrificial altar of Ru.
  1724 | D:3      | Noticed Grinder
  1801 | D:3      | Reached skill level 1 in Dodging
  1801 | D:3      | Reached XP level 5. HP: 22/26 MP: 6/6
  1929 | D:3      | Killed Grinder
  1929 | D:3      | Reached skill level 7 in Stealth
  1929 | D:3      | Reached skill level 1 in Shields
  1929 | D:3      | Reached XP level 6. HP: 32/32 MP: 4/7
  2255 | D:3      | Reached XP level 7. HP: 35/35 MP: 8/8
  2719 | D:3      | Found a runed door.
  2723 | D:3      | Noticed Crazy Yiuf
  2729 | D:3      | Killed Crazy Yiuf
  3002 | D:4      | Reached skill level 1 in Evocations
  3154 | D:4      | Found a glowing silver altar of Zin.
  3383 | D:5      | Entered Level 5 of the Dungeon
  3410 | D:5      | Reached skill level 8 in Stealth
  3410 | D:5      | Gained mutation: You have razor-sharp teeth. [Vine Stalker
                  | growth]
  3410 | D:5      | Reached XP level 8. HP: 34/39 MP: 8/10
  3463 | D:5      | Reached skill level 1 in Armour
  3542 | D:5      | Found an iron altar of Okawaru.
  3622 | D:5      | Found a staircase to the Ecumenical Temple.
  3627 | Temple   | Entered the Ecumenical Temple
  4366 | D:6      | Reached skill level 5 in Short Blades
  4453 | D:6      | Got an ichor-stained robe
  4464 | D:6      | Identified the +0 robe of Bedevilment {rElec} (You found it
                  | on level 6 of the Dungeon)
  4488 | D:6      | Found a bloodstained altar of Trog.
  4687 | D:5      | Learned a level 1 spell: Animate Skeleton
  4825 | D:6      | Found a shattered altar of Ashenzari.
  4945 | D:6      | Found an ornate altar of the Wu Jian Council.
  4970 | D:6      | Became a worshipper of the Wu Jian Council
  5045 | D:7      | Found a blossoming altar of Fedhas.
  5055 | D:7      | Reached skill level 1 in Spellcasting
  5055 | D:7      | Reached skill level 1 in Necromancy
  5055 | D:7      | Reached XP level 9. HP: 31/44 MP: 11/11
  5249 | D:7      | Found a sparkling altar of Nemelex Xobeh.
  5459 | D:7      | Noticed Pikel
  5472 | D:7      | Killed Pikel
  6104 | D:8      | Reached * piety under Wu Jian
  6265 | D:8      | Found Ohamoarch's Book Shoppe.
  6276 | D:8      | Noticed Joseph
  6320 | D:8      | Found an ancient bone altar of Kikubaaqudgha.
  6326 | D:8      | Killed from afar by an orc priest

Skill      XL: |  1  2  3  4  5  6  7  8  9 |
---------------+----------------------------+-----
Stealth        | 5 6 7 8 |  8.9
Short Blades   | 2 3 4 5 6 |  6.0
Fighting       | 2 3 4 |  4.3
Dodging        | 1 2 3 |  3.5
Shields        | 1 2 3 4 |  4.0
Evocations     | 1 2 3 |  3.0
Armour         | 2 3 |  3.0
Spellcasting   | 1 3 |  3.3
Necromancy     | 1 3 |  3.1
Throwing       | |  1.7

Action                   |  1- 3 |  4- 6 |  7- 9 || total
-------------------------+-------+-------+-------++-------
Melee: Dagger            |    77 |    73 |   396 ||   546
       Bite              |    14 |    22 |   140 ||   176
 Fire: Blowgun           |       |    11 |       ||    11
Throw: Stone             |     2 |       |       ||     2
 Cast: Animate Skeleton  |       |       |     1 ||     1
Invok: Lunge             |       |       |    16 ||    16
       Whirlwind         |       |       |     2 ||     2
 Abil: Evoke Berserk Rag |       |     2 |    15 ||    17
  Use: Potion            |     2 |       |       ||     2
       Scroll            |       |       |    11 ||    11
 Stab: Sleeping          |     9 |     4 |    14 ||    27
       Distracted        |       |     1 |     1 ||     2
  Eat: Chunk             |     1 |     5 |    27 ||    33
Armor: Robe              |    21 |     7 |     3 ||    31
       Leather armour    |       |       |    68 ||    68
Dodge: Dodged            |    38 |    36 |   161 ||   235
Block: Buckler           |       |     6 |    63 ||    69
